Map: Ulrena

Players

Panker

  • Race: Protoss Protoss
  • League: Silver

Jhyrachy - Winner!

  • Race: Zerg Zerg
  • League: Silver

VOD

Have the link to the VOD?

Description

Time

  • Played on: April 6, 2016, 3:21 p.m.
  • Length: 5:43
Show
View Real Time Build Order
Export as new Build Order

Panker Protoss 

Build Orders: Oracle Opening 

Get SALT Encoding   

  12  0:02  Probe (Chrono Boost)  
  13  0:15  Pylon  
  13  0:18  Probe (Chrono Boost)  
  15  0:28  Probe (Chrono Boost)  
  15  0:36  Gateway  
  15  0:39  Probe (Chrono Boost)  
  16  0:47  Assimilator  
  16  0:52  Assimilator  
  16  0:53  Probe (Chrono Boost)  
  17  1:04  Probe (Chrono Boost)  
  18  1:11  Gateway  
  18  1:15  Probe (Chrono Boost)  
  19  1:24  Cybernetics Core  
  19  1:28  Probe (Chrono Boost)  
  20  1:34  Pylon  
  20  1:43  Probe (Chrono Boost)  
  21  1:55  Probe (Chrono Boost)  
  21  2:00  Adept  
  21  2:01  Adept  
  26  2:02  Warp Gate (Chrono Boost)  
  26  2:06  Probe  
  27  2:16  Stargate  
  27  2:28  Mothership Core  
  29  2:48  Gateway  
  29  3:02  Nexus  
  29  3:10  Stalker  
  30  3:25  Oracle  
  27  3:34  Probe  
  28  3:54  Stalker  
  30  3:57  Pylon  
  28  4:10  Stalker  
  28  4:15  Stalker  
  28  4:53  Stalker  
  28  4:58  Pylon  
  28  4:59  Pylon  
  25  5:08  Stalker x2  
  27  5:19  Probe  
  27  5:20  Nexus  
  27  5:31  Probe  
Show
View Real Time Build Order
Export as new Build Order

Jhyrachy Zerg - Winner!

Build Orders: Hatch First 

Get SALT Encoding   

  12  0:02  Drone  
  13  0:09  Drone  
  14  0:17  Overlord  
  15  0:35  Drone x2  
  15  0:36  Drone  
  17  0:57  Drone  
  17  0:58  Hatchery  
  17  1:05  Drone  
  17  1:06  Extractor  
  17  1:17  Spawning Pool  
  16  1:18  Drone  
  17  1:32  Drone  
  18  1:36  Drone  
  19  2:05  Zergling x2  
  19  2:06  Zergling x4  
  22  2:09  Queen  
  22  2:10  Overlord  
  22  2:14  Queen  
  26  2:26  Metabolic Boost  
  26  2:31  Drone x3  
  28  3:03  Zergling x2  
  28  3:04  Zergling x10  
  30  3:32  Zergling x2  
  30  3:33  Zergling x6  
  34  3:49  Zergling x4  
  34  3:51  Overlord x2  
  30  4:28  Spore Crawler  
  25  4:33  Queen  
  25  4:38  Spore Crawler  
  22  4:47  Drone x4  
  22  4:49  Drone x4  
  22  4:50  Zergling x2  
  22  4:51  Zergling x4  
  31  5:04  Zergling x2  
  31  5:05  Zergling x8  
  34  5:10  Zergling x6  
Tags
 
Add a new tag
Caveats
  • Supply blocks, unpowered buildings, or Contaminate may cause inaccurate times.
  • Supply counts are checked every 10 seconds.